 Dungeon Crawl Stone Soup version 0.21.1-1-g345015fe64 (webtiles) character file.

641 Gargoyl the Distorting Centaur (level 7, -6/59 HPs)
             Began as a Centaur Abyssal Knight on Feb 23, 2018.
             Was a Believer of Lugonu.
             Mangled by an ice beast (13 damage)
             ... on level 4 of the Dungeon.
             The game lasted 00:07:43 (4620 turns).

Gargoyl the Distorting Centaur (CeAK)               Turns: 4620, Time: 00:07:43

Health: -6/59      AC:  8    Str: 14    XL:     7   Next: 26%
Magic:  10/10      EV:  7    Int: 11    God:    Lugonu [**....]
Gold:   239        SH:  0    Dex: 11    Spells: 6/6 levels left

rFire    . . .     SeeInvis .   a - +1 hand axe
rCold    . . .     Gourm    .   (no shield)
rNeg     . . .     Faith    .   t - +0 scale mail
rPois    .         Spirit   .   (helmet restricted)
rElec    .         Reflect  .   (no cloak)
rCorr    +         Harm     .   r - +0 pair of gloves
MR       .....                  (no barding)
Stlth    ..........             n - amulet of regeneration
HPRegen  0.59/turn              d - ring of resist corrosion
MPRegen  0.12/turn              (no ring)

@: very quick
A: large, hooves 3, horns 1, deformed body, speed 2, tough skin 3, wild magic 1
a: Depart the Abyss, Bend Space, Renounce Religion


You were on level 4 of the Dungeon.
You worshipped Lugonu.
Lugonu was pleased with you.
You were not hungry.

You visited 1 branch of the dungeon, and saw 5 of its levels.
You visited the Abyss 1 time.

You collected 239 gold pieces.

Inventory:

Hand Weapons
 a - a +1 hand axe (weapon)
Missiles
 g - 8 tomahawks (quivered)
Armour
 q - a +1 helmet
 r - a +0 pair of gloves (worn)
 t - a +0 scale mail (worn)
Jewellery
 d - a ring of resist corrosion (left hand)
 n - an amulet of regeneration (around neck)
Wands
 p - a wand of flame (19)
Scrolls
 o - 4 scrolls of remove curse
 s - a scroll of teleportation
Potions
 f - a potion of lignification {unknown}
 h - 2 potions of haste
 i - a potion of heal wounds
 j - 2 potions of ambrosia {unknown}
 k - 2 potions of brilliance {unknown}
 l - a potion of flight {unknown}
 m - a potion of resistance {unknown}
Comestibles
 b - 4 chunks of flesh
 c - 8 rations


   Skills:
 + Level 4.2 Fighting
 + Level 3.6 Axes
 + Level 1.2 Throwing
 * Level 3.6 Armour
 + Level 1.5 Dodging
 * Level 4.3 Invocations


You had 6 spell levels left.
You didn't know any spells.

Dungeon Overview and Level Annotations

Branches:
Dungeon (5/15)
 Temple: D:4-7

Altars:
Jiyva


Innate Abilities, Weirdness & Mutations

You have hooves in place of feet.
Armour fits poorly on your strangely shaped body.
You cover ground very quickly.
You have extremely tough skin. (AC +3)
You have a pair of small horns on your head.
Your spells are a little harder to cast, but a little more powerful.


Message History

The ice beast is severely wounded.
The ice beast hits you. The ice beast freezes you!
You hit the ice beast but do no damage. You kick the ice beast.
The ice beast is severely wounded.
The ice beast completely misses you.
You barely miss the ice beast. You kick the ice beast.
The ice beast is severely wounded.
The ice beast hits you. The ice beast freezes you!
You hit the ice beast but do no damage. Your kick misses the ice beast.
Your headbutt misses the ice beast.
The ice beast is severely wounded.
The ice beast hits you. The ice beast freezes you!
* * * LOW HITPOINT WARNING * * *
The ice beast hits you but does no damage.
You closely miss the ice beast.
The ice beast is severely wounded.
The ice beast hits you.
* * * LOW HITPOINT WARNING * * *
The ice beast freezes you!
You die...

######## ############# #......#
#...........#********** #......#
#...........#,,,+,,,,,, #......#
#...........#,,,*,,,,,,
#......####...........#,,,*,,,,,,
.####'#....#'##(......#,,,*,,,,,,
.'....#....#..#.@.....#+*****,,**
.#....#....+..+..Y......,,,,**+**
.###..#....##.#.........,,,,*,,*,
############*.##........,,,,*,,*,
...........#,..#........,,<,*,,*,
...........#,..#........,,,,*,,*,
...........#,,,#....[...,,,,*,,*,
#'###.###..#*,,#........,,,,*,,**
....#.###..###+##,,,,,***+*******


You could see an ice beast.

Vanquished Creatures
  3 ogres
  A crimson imp (D:4)
  3 hounds (D:4)
  2 orc priests (D:4)
  2 worker ants (D:4)
  A gnoll (D:1)
  6 adders
  An ufetubus (Abyss:2)
  An ooze (D:3)
  2 worms (D:4)
  2 leopard geckos
  9 orcs
  5 giant cockroaches
  8 goblins
  9 hobgoblins
  3 jackals (D:1)
  6 kobolds
  3 quokkas
  7 bats
  4 frilled lizards
  4 rats
82 creatures vanquished.

Notes
Turn   | Place    | Note
-------+----------+-------------------------------------------
     0 | Abyss:1  | Gargoyl the Centaur Abyssal Knight began the quest for the Orb.
     0 | Abyss:1  | Reached XP level 1. HP: 19/19 MP: 2/2
    95 | Abyss:2  | Noticed a wretched star
    98 | D:1      | Escaped the Abyss
   377 | D:1      | Gained mutation: You have a pair of small horns on your head. [potion of mutation]
   377 | D:1      | Gained mutation: Your spells are a little harder to cast, but a little more powerful. [potion of mutation]
   419 | D:1      | Reached XP level 2. HP: 24/26 MP: 3/3
   620 | D:1      | Found a viscous altar of Jiyva.
   959 | D:1      | Reached * piety under Lugonu
  1151 | D:1      | Reached XP level 3. HP: 19/33 MP: 4/4
  1665 | D:2      | You fall through a shaft for 2 floors!
  1687 | D:4      | Noticed an ogre
  1792 | D:4      | Killed an ogre
  1792 | D:4      | Reached skill level 1 in Dodging
  1792 | D:4      | Reached XP level 4. HP: 10/40 MP: 4/6
  2056 | D:4      | Reached XP level 5. HP: 38/46 MP: 7/7
  2374 | D:4      | Reached skill level 1 in Throwing
  2483 | D:4      | Noticed an ogre
  2503 | D:5      | Entered Level 5 of the Dungeon
  2619 | D:5      | Noticed a centaur
  2664 | D:4      | Reached XP level 6. HP: 32/52 MP: 8/8
  3126 | D:2      | Reached ** piety under Lugonu
  4345 | D:4      | Reached XP level 7. HP: 42/59 MP: 10/10
  4620 | D:4      | Mangled by an ice beast

Skill      XL: |  1  2  3  4  5  6 |
---------------+-------------------+-----
Axes           | 2 3 |  3.6
Armour         | 2 3 |  3.6
Dodging        | 1 |  1.5
Invocations    | 3 4 |  4.3
Fighting       | 4 |  4.2
Throwing       | 1 |  1.2

Action                   |  1- 3 |  4- 6 |  7- 9 || total
-------------------------+-------+-------+-------++-------
Melee: Hand axe          |    77 |   193 |    15 ||   285
       Kick              |    13 |    33 |     7 ||    53
       Headbutt          |     5 |    23 |     1 ||    29
Throw: Tomahawk          |     8 |     8 |     4 ||    20
Invok: Depart the Abyss  |     1 |       |       ||     1
  Use: Scroll            |     2 |     6 |       ||     8
       Potion            |     2 |     1 |       ||     3
  Eat: Chunk             |     1 |     8 |       ||     9
Armor: Ring mail         |    63 |    91 |     3 ||   157
       Scale mail        |       |       |     1 ||     1
Dodge: Dodged            |    54 |    82 |     6 ||   142
